 Dungeon Crawl Stone Soup version 0.25-a0-890-g62861fb195 (webtiles) character file.

Game seed: 2362368695279702570, levelgen mode: deterministic

46 Hasart the Insei (level 3, 0/23 HPs)
             Began as an Octopode Transmuter on May 3, 2020.
             Succumbed to a worker ant's poison
             ... on level 2 of the Dungeon.
             The game lasted 00:01:51 (844 turns).

Hasart the Insei (Octopode Transmuter)               Turns: 844, Time: 00:01:52

Health: 0/23       AC:  1    Str: 11    XL:     3   Next: 66%
Magic:  6/6        EV: 13    Int: 16    God:
Gold:   33         SH:  0    Dex: 12    Spells: 3/6 levels left

rFire    . . .     SeeInvis .     - Unarmed
rCold    . . .     Gourm    .   (no shield)
rNeg     . . .     Faith    .   (helmet restricted)
rPois    .         Spirit   .   (no amulet)
rElec    .         Reflect  .   j - ring of attention (curse)
rCorr    .         Harm     .   g - ring of flight
MR       .....                  (no ring)
Stlth    +.........             (no ring)
HPRegen  0.07/turn              (no ring)
MPRegen  0.10/turn              (no ring)
                                (no ring)
                                (no ring)

@: brilliant, lethally poisoned (0 -> -4), flying
A: almost no armour, stealthy swim, amphibious, 8 rings, constrict 8, camouflage
1, deterioration 1, strong 1, wild magic 1, gelatinous body 1, MP-powered wands
a: no special abilities


You were on level 2 of the Dungeon.
You were not hungry.

You visited 1 branch of the dungeon, and saw 2 of its levels.

You collected 33 gold pieces.

Inventory:

Missiles
 a - 12 arrows
 h - 28 poisoned darts (quivered)
Jewellery
 g - a ring of flight (right tentacle)
 j - a cursed ring of attention (left tentacle)
Scrolls
 i - 2 scrolls of identify
 l - a scroll of immolation {unknown}
 m - a scroll of remove curse {unknown}
 n - a scroll of enchant armour {unknown}
Potions
 b - a potion of stabbing
 e - a potion of brilliance
 k - a potion of magic {unknown}
Comestibles
 c - 3 rations


   Skills:
 + Level 1.5 Fighting
 + Level 2.3 Dodging
 * Level 3.6 Unarmed Combat
 + Level 2.3 Spellcasting
 + Level 2.3 Transmutations


You had 3 spell levels left.
You knew the following spells:

 Your Spells              Type           Power        Failure   Level  Hunger
a - Beastly Appendage     Tmut           ###...       12%         1    None
b - Sticks to Snakes      Tmut           ###.....     17%         2    None

Your spell library contained the following spells:

 Spells                   Type           Power        Failure   Level  Hunger
 Spider Form              Tmut/Pois      ##........   45%         3    None
 Ice Form                 Ice/Tmut       ##......     83%         4    None
 Blade Hands              Tmut           ###.......   95%         5    None


Dungeon Overview and Level Annotations

Branches:
Dungeon (2/15)

Altars:
Yredelemnul


Innate Abilities, Weirdness & Mutations

You cannot wear most types of armour.
You are very stealthy in the water. (Stealth+)
You are amphibious.
You can wear up to eight rings at the same time.
You can use your tentacles to constrict eight enemies at once.
Your skin changes colour to match your surroundings (Stealth+).
Your rubbery body absorbs attacks. (AC +1, EV +1)
Your body sometimes deteriorates upon taking damage.
Your muscles are strong. (Str +2)
Your spells are a little harder to cast, but a little more powerful.
You expend magic power (3 MP) to strengthen your wands.


Message History

* * * LOW HITPOINT WARNING * * *
You feel sick.
It was a potion of brilliance.
You feel clever all of a sudden.
It was a potion of flight.
You feel very buoyant.
You fly up into the air.
* * * LOW HITPOINT WARNING * * *
You feel sick.
It was a potion of mutation.
You feel extremely strange.
You feel your magical essence link to the dungeon's wands.
You feel stronger.
You feel yourself wasting away.
You feel less in control of your magic.
* * * LOW HITPOINT WARNING * * *
You feel sick.
* * * LOW HITPOINT WARNING * * *
You feel sick.
* * * LOW HITPOINT WARNING * * *
You feel sick.
You die...

.# .. ## .# ..
.# #.### .#
...#.######
#†........
##.†...#
##@.#.#..# #..##
# # #8...8#
###).## .#
#.....## #.
#.##..# #.#
8...(.8
#..#.#..###
...## #.(.).#
#.....##.##....#
#8...8#
###.#..#.#...#
##_## #........#
##########
######.###


There were no monsters in sight!

Vanquished Creatures
  A worker ant (D:2)
  A dart slug (D:1)
  2 leopard geckos
  A ball python (D:1)
  A giant cockroach (D:1)
  2 goblins
  2 hobgoblins
  2 bats (D:1)
  3 frilled lizards
  A kobold (D:2)
  2 rats (D:1)
18 creatures vanquished.

Notes
Turn   | Place    | Note
-------+----------+-------------------------------------------
     0 | D:1      | Hasart the Octopode Transmuter began the quest for the Orb.
     0 | D:1      | Reached XP level 1. HP: 13/13 MP: 3/3
   172 | D:1      | Reached XP level 2. HP: 14/18 MP: 5/5
   729 | D:2      | Found a basalt altar of Yredelemnul.
   750 | D:2      | Learned a level 2 spell: Sticks to Snakes
   827 | D:2      | Reached XP level 3. HP: 5/23 MP: 6/6
   831 | D:2      | Gained mutation: You expend magic power (3 MP) to
                  | strengthen your wands. [potion of mutation]
   831 | D:2      | Gained mutation: Your muscles are strong. (Str +2) [potion
                  | of mutation]
   831 | D:2      | Gained mutation: Your body sometimes deteriorates upon
                  | taking damage. [potion of mutation]
   831 | D:2      | Gained mutation: Your spells are a little harder to cast,
                  | but a little more powerful. [potion of mutation]
   836 | D:2      | HP: 1/23 [poisoned by a worker ant]
   844 | D:2      | Succumbed to a worker ant's poison

Levels and vault maps discovered:
D:1:      tarquinn_simple_flora_water_c, layout_loops_ring
D:2:      layout_loops_ring, nicolae_overflow_hidden_temple, minmay_between

Action                   || total
-------------------------++-------
Melee: Unarmed           ||    40
       Constrict         ||     9
       Punch             ||     4
       Tentacles         ||     4
  Use: Scroll            ||     1
       Potion            ||     3
 Stab: Sleeping          ||     2
Armor: Skin              ||     4
Dodge: Dodged            ||    18

Table legend:
 A = Non-vault XP
 B = Vault XP
 C = Vault XP percentage of total XP
 D = Non-vault monster count
 E = Vault monster count
 F = Vault count percentage of total count
                 A         B        C        D         E       F
            +---------+---------+-------+---------+---------+-------
      Total |      22 |      44 |  66.7 |      13 |       5 |  27.8
            +---------+---------+-------+---------+---------+-------
        D:1 |      21 |       0 |   0.0 |      12 |       0 |   0.0
        D:2 |       1 |      44 |  97.8 |       1 |       5 |  83.3
            +---------+---------+-------+---------+---------+-------
